 Dungeon Crawl Stone Soup version 0.31.0-9-g3a7656b989 (webtiles) character file.

Game seed: 2494824460287757194

2618 qw the Nimble (level 9, -11/45 HPs)
             Began as a Spriggan Hunter on Feb 2, 2024.
             Was a Follower of Okawaru.
             Mangled by Duvessa
             ... wielding a +5 short sword of electrocution
              (15 damage)
             ... on level 5 of the Dungeon.
             The game lasted 00:00:27 (4549 turns).

qw the Nimble (Spriggan Hunter)                     Turns: 4549, Time: 00:00:28

Health: -11/45     AC:  8    Str:  7    XL:     9   Next: 34%
Magic:  10/10      EV: 26    Int: 11    God:    Okawaru [*.....]
Gold:   278        SH:  0    Dex: 22    Spells: 8/8 levels left

rFire   . . .        a - +2 shortbow (freeze)
rCold   . . .        (shield currently unavailable)
rNeg    . . .        c - +0 robe
rPois   .            (helmet restricted)
rElec   .            l - +1 cloak
rCorr   .            (gloves unavailable)
SInv    +            (boots unavailable)
Will    +....        (no amulet)
Stlth   ++           g - +4 ring of protection
HPRegen 0.27/turn    (no ring)
MPRegen 0.12/turn

%: no passive effects
@: very quick
A: very small, no large weapons, unfitting armour, see invisible, speed 3
a: Renounce Religion, Heroism


You were on level 5 of the Dungeon.
You worshipped Okawaru.
Okawaru was aware of your devotion.
You visited 2 branches of the dungeon, and saw 8 of its levels.
You also visited: Sewer.

You collected 345 gold pieces.
You spent 67 gold pieces at shops.


Innate Abilities, Weirdness & Mutations

You are very small and have problems with some larger weapons.
You are too small for most types of armour.
You have supernaturally acute eyesight. (SInv)
You cover ground extremely quickly. (Speed+++)


   Skills:
 - Level 4.0 Fighting
 - Level 10.1 Ranged Weapons
 + Level 10.3 Dodging
 - Level 1.5 Stealth
 + Level 0.0 Invocations


You had 8 spell levels left.
You didn't know any spells.
Your spell library was empty.

Inventory:

Hand Weapons
 a - a +2 shortbow of freezing (weapon)
Armour
 c - a +0 robe (worn)
 l - a +1 cloak (worn)
Jewellery
 g - a +4 ring of protection (left hand)
 k - an amulet of guardian spirit
Wands
 b - a wand of iceblast (6)
 j - a wand of charming (4)
Scrolls
 h - 2 scrolls of teleportation
 i - a scroll of identify
Potions
 d - a potion of cancellation
 e - a potion of mutation {unknown}
 f - 5 potions of curing

Dungeon Overview and Level Annotations

Branches:
Dungeon (7/15)             Temple (1/1) D:4           Sewer (visited)

Altars:
Ashenzari
Cheibriados
Dithmenos
Fedhas
Gozag
Hepliaklqana
Kikubaaqudgha
Nemelex Xobeh
Okawaru
Qazlal
Ru
Sif Muna
Trog
Uskayaw
Vehumet
Wu Jian
Xom
Yredelemnul
Zin
The Shining One

Shops:
D:1 !?*!=   D:2 *

Annotations:
D:5 Duvessa


Message History

Okawaru accepts your kill.
You can now gain great but temporary skills.
Duvessa screams in rage.
Duvessa goes berserk!
Duvessa rages.
You shoot an arrow.
The arrow hits Duvessa but does no damage.
Duvessa is heavily wounded.
Duvessa misses you.
You shoot an arrow.
The arrow hits Duvessa but does no damage.
Duvessa is heavily wounded.
Duvessa hits you with a +5 short sword of electrocution!
Duvessa hits you but does no damage.
You are electrocuted!
You shoot an arrow.
The arrow hits Duvessa but does no damage.
Duvessa is moderately wounded.
Duvessa completely misses you.
You shoot an arrow.
The arrow hits Duvessa but does no damage.
Duvessa is moderately wounded.
Duvessa misses you.
You shoot an arrow. The arrow hits Duvessa!
The arrow freezes Duvessa.
Duvessa is heavily wounded.
Duvessa closely misses you. Duvessa completely misses you.
You shoot an arrow. The arrow hits Duvessa.
The arrow freezes Duvessa.
Duvessa is severely wounded.
Duvessa barely misses you.
You shoot an arrow.
The arrow hits Duvessa but does no damage.
Duvessa is severely wounded.
Duvessa completely misses you.
You shoot an arrow.
The arrow hits Duvessa but does no damage.
Duvessa is severely wounded.
Duvessa closely misses you. x2
You shoot an arrow. The arrow closely misses Duvessa.
Duvessa hits you with a +5 short sword of electrocution!!
You are electrocuted!
You die...

#.########
#....)...#
########.#
########.#
#.....##.#
#.....##.#
#.....##.#
#........#
#..)@.####
#...e.#
#.....#
#.....#
##.#### #.
#. ..


You could see Duvessa (berserk).

Vanquished Creatures
  Eustachio (D:4)
  Edmund (D:6)
  A water moccasin (D:4)
  An orc warrior (D:6)
  3 black bears
  2 phantoms (D:4)
  3 bullfrogs
  5 scorpions
  Dowan (D:5)
  3 killer bees (D:7)
  3 bombardier beetles (D:4)
  A hound (D:5)
  7 orc priests
  A gnoll bouda (D:4)
  2 iron imps (D:5)
  Ijyb (D:5)
  2 iguanas
  Natasha (twice) (D:2)
  4 orc wizards
  10 gnolls
  11 adders
  4 river rats (D:6)
  A white imp (D:7)
  2 ufetubi (D:7)
  14 dart slugs
  5 ribbon worms
  16 orcs
  6 bats
  15 endoplasms
  12 giant cockroaches
  6 goblins
  6 hobgoblins
  6 jackals
  10 kobolds
  4 quokkas
  9 ball pythons
  13 frilled lizards
  6 rats
200 creatures vanquished.

Notes
Turn   | Place    | Note
-------+----------+-------------------------------------------
     0 | D:1      | qw the Spriggan Hunter began the quest for the Orb.
     0 | D:1      | Reached XP level 1. HP: 10/10 MP: 2/2
     0 | D:1      | 0 ||| qw: Version: 0.3-a-155-g5e7d8dd
     0 | D:1      | 0 ||| qw: Game counter: 624
     0 | D:1      | 0 ||| qw: Melee chars always use a shield: true
     0 | D:1      | 0 ||| qw: God list: Okawaru
     0 | D:1      | 0 ||| qw: Allow faded altars: false
     0 | D:1      | 0 ||| qw: Do Orc after clearing Dungeon:15 true
     0 | D:1      | 0 ||| qw: Do second Lair branch before Depths: true
     0 | D:1      | 0 ||| qw: Lair rune preference: random
     0 | D:1      | 0 ||| qw: Goals: Normal
     0 | D:1      | 0 ||| PLANNING D:1-11
    26 | D:1      | Reached skill level 3 in Dodging
    85 | D:1      | Reached XP level 2. HP: 14/14 MP: 3/3
   136 | D:1      | Found Hehisug's Distillery.
   150 | D:1      | 150 ||| BUYING potion of curing (39 gold).
   150 | D:1      | Bought a potion of curing for 39 gold pieces
   150 | D:1      | 150 ||| SHOPLISTING potion of curing (39 gold, have 1).
   150 | D:1      | 150 ||| SHOPLISTING potion of might (52 gold, have 1).
   150 | D:1      | 150 ||| SHOPLISTING potion of mutation (104 gold, have 1).
   151 | D:1      | Found Vitobbao's Jewellery Shop.
   159 | D:1      | 159 ||| SHOPLISTING +6 ring of strength (432 gold, have 1).
   159 | D:1      | 159 ||| SHOPLISTING amulet of faith (480 gold, have 1).
   159 | D:1      | 159 ||| SHOPLISTING ring of willpower (300 gold, have 1).
   378 | D:1      | Found Jet Ydi's Distillery.
   382 | D:1      | 382 ||| SHOPLISTING 2 potions of curing (72 gold, have 35).
   382 | D:1      | 382 ||| SHOPLISTING potion of cancellation (96 gold, have
                  | 35).
   382 | D:1      | 382 ||| SHOPLISTING potion of curing (36 gold, have 35).
   382 | D:1      | 382 ||| SHOPLISTING potion of might (48 gold, have 35).
   382 | D:1      | 382 ||| SHOPLISTING potion of mutation (96 gold, have 35).
   456 | D:1      | Found Noiqon's Magic Scroll Emporium.
   469 | D:1      | 469 ||| SHOPLISTING scroll of enchant armour (105 gold,
                  | have 35).
   469 | D:1      | 469 ||| BUYING scroll of identify (28 gold).
   469 | D:1      | Bought a scroll of identify for 28 gold pieces
   469 | D:1      | 469 ||| SHOPLISTING scroll of identify (28 gold, have 7).
   475 | D:1      | Found Wuizugeo's General Store.
   478 | D:1      | 478 ||| SHOPLISTING +4 ring of slaying (858 gold, have 7).
   478 | D:1      | 478 ||| SHOPLISTING amulet of reflection (330 gold, have
                  | 7).
   478 | D:1      | 478 ||| SHOPLISTING potion of mutation (88 gold, have 7).
   478 | D:1      | 478 ||| SHOPLISTING wand of charming (5) (132 gold, have
                  | 7).
   548 | D:1      | 548 ||| UPGRADING to amulet of guardian spirit.
   553 | D:1      | 553 ||| READING 2 scrolls of identify.
   553 | D:1      | 553 ||| IDENTIFYING brown potion
   554 | D:1      | 554 ||| READING scroll of identify.
   554 | D:1      | 554 ||| IDENTIFYING blue potion
   555 | D:1      | 555 ||| READING scroll labelled PIXKOH COPPOO.
   556 | D:1      | 556 ||| READING scroll labelled UKHET APTYU.
   556 | D:1      | 556 ||| BRANDING +0 shortbow.
   557 | D:1      | 557 ||| READING 2 scrolls labelled ZOSETR IKYR.
   561 | D:1      | 561 ||| DROPPING scroll of butterflies.
   562 | D:1      | 562 ||| DROPPING potion of invisibility.
   647 | D:2      | Found Soepry's General Store.
   654 | D:2      | Reached XP level 3. HP: 18/18 MP: 4/4
   655 | D:2      | 655 ||| SHOPLISTING potion of heal wounds (55 gold, have
                  | 25).
   655 | D:2      | 655 ||| SHOPLISTING potion of mutation (88 gold, have 25).
   655 | D:2      | 655 ||| SHOPLISTING wand of mindburst (5) (77 gold, have
                  | 25).
   705 | D:2      | Noticed Natasha
   714 | D:2      | Killed Natasha
   751 | D:2      | Noticed Natasha
   755 | D:2      | Killed Natasha
   756 | D:2      | Reached XP level 4. HP: 15/22 MP: 3/5
   971 | D:2      | 971 ||| READING scroll labelled JOMUNTASAI.
   971 | D:2      | 971 ||| ENCHANTING +0 shortbow of electrocution.
   972 | D:2      | 972 ||| READING scroll labelled KUANULUCWEM.
   973 | D:2      | 973 ||| DRINKING 2 murky orange potions.
  1094 | D:3      | Reached XP level 5. HP: 26/26 MP: 6/6
  1209 | D:3      | 1209 ||| FLEEEEING.
  1381 | D:3      | Found a hazy altar of Hepliaklqana.
  1714 | D:3      | 1714 ||| DROPPING +6 ring of intelligence.
  1715 | D:3      | 1715 ||| UPGRADING to +4 ring of protection.
  1716 | D:3      | 1716 ||| READING scroll labelled POEPOA VOINO.
  1871 | D:4      | You fall into a shaft and drop 3 floors!
  1927 | D:7      | 1927 ||| RETREEEEATING.
  1930 | D:7      | Reached skill level 6 in Ranged Weapons
  1930 | D:7      | Reached XP level 6. HP: 30/30 MP: 7/7
  1958 | D:7      | Reached skill level 6 in Dodging
  2104 | D:6      | Noticed an orc warrior
  2105 | D:6      | 2105 ||| PLANNING SEWER
  2109 | D:6      | Killed an orc warrior
  2110 | D:6      | Reached XP level 7. HP: 35/35 MP: 8/8
  2259 | D:6      | 2259 ||| READING scroll of brand weapon.
  2259 | D:6      | 2259 ||| BRANDING +0 shortbow of electrocution.
  2373 | D:6      | 2373 ||| RETREEEEATING.
  2375 | D:6      | 2375 ||| RETREEEEATING.
  2376 | D:6      | 2376 ||| RETREEEEATING.
  2404 | D:6      | HP: 8/35 [orc/+0 mace (3)]
  2405 | D:6      | 2405 ||| READING 3 scrolls of teleportation.
  2406 | D:6      | 2406 ||| DRINKING potion of heal wounds.
  2507 | D:6      | Noticed Edmund
  2519 | D:6      | Killed Edmund
  2520 | D:6      | Reached skill level 3 in Fighting
  2520 | D:6      | Reached XP level 8. HP: 26/40 MP: 5/9
  2673 | D:6      | Found a sand-covered staircase.
  2747 | D:6      | Found a glowing drain.
  2748 | D:6      | 2748 ||| READING scroll labelled NIVUONE INEO.
  2808 | D:6      | 2808 ||| READING scroll labelled UMUAPT NITYA.
  2809 | D:6      | 2809 ||| READING 2 scrolls labelled WUOQIST AGHUSY.
  2809 | D:6      | 2809 ||| ENCHANTING +0 shortbow of freezing.
  2810 | D:6      | 2810 ||| READING scroll of enchant weapon.
  2810 | D:6      | 2810 ||| ENCHANTING +1 shortbow of freezing.
  2817 | Sewer    | Entered a sewer
  3047 | Sewer    | 3047 ||| RETREEEEATING.
  3109 | Sewer    | 3109 ||| RIP OSSUARY
  3109 | Sewer    | 3109 ||| READING scroll labelled ISHROE XOHAOS.
  3124 | D:6      | 3124 ||| PLANNING OSSUARY
  3176 | D:6      | 3176 ||| RIP OSSUARY
  3176 | D:6      | 3176 ||| PLANNING D:1-11
  3204 | D:5      | Entered Level 5 of the Dungeon
  3294 | D:4      | Reached skill level 9 in Ranged Weapons
  3373 | D:4      | 3373 ||| FLEEEEING.
  3375 | D:4      | 3375 ||| RETREEEEATING.
  3380 | D:4      | Reached skill level 9 in Dodging
  3380 | D:4      | 3380 ||| RETREEEEATING.
  3543 | D:4      | Found a staircase to the Ecumenical Temple.
  3544 | D:4      | 3544 ||| PLANNING TEMPLE
  3544 | D:4      | 3544 ||| UPGRADING to +0 cloak.
  3549 | D:4      | 3549 ||| READING scroll of enchant armour.
  3549 | D:4      | 3549 ||| ENCHANTING +0 cloak.
  3550 | D:4      | 3550 ||| READING scroll of identify.
  3550 | D:4      | 3550 ||| IDENTIFYING fuming brown potion
  3551 | D:4      | 3551 ||| DROPPING potion of lignification.
  3562 | D:4      | Noticed Eustachio
  3574 | D:4      | Killed Eustachio
  3575 | D:4      | Reached XP level 9. HP: 44/44 MP: 10/10
  3577 | Temple   | Entered the Ecumenical Temple
  3578 | Temple   | 3578 ||| PLANNING OKAWARU WORSHIP
  3596 | Temple   | Became a worshipper of Warmaster Okawaru
  3597 | Temple   | 3597 ||| PLANNING D:1-11
  3597 | Temple   | 3597 ||| REMOVING amulet of guardian spirit.
  4462 | D:5      | Noticed Ijyb
  4472 | D:5      | Killed Ijyb
  4530 | D:5      | Noticed Dowan
  4532 | D:5      | Noticed Duvessa
  4540 | D:5      | Killed Dowan
  4540 | D:5      | Reached * piety under Okawaru
  4549 | D:5      | HP: 4/45 [Duvessa/+5 short sword of electrocution (18)]
  4549 | D:5      | Mangled by Duvessa

Levels and vault maps discovered:
D:1:      lemuel_arrival_tunnels, layout_rooms, serial_shops, shop,
          nicolae_shop_tiny_real_fake_doors, shop, shop, shop
D:2:      layout_rooms, serial_shops, shop, uniq_natasha
D:3:      minmay_skewed_foursquare, layout_rooms, mainiacjoe_overflow_24_doors,
          grunt_ministairs_4, minmay_misc_feat_rows, hex_intersection,
          chequers_serial_rivers_small_b
D:4:      minmay_diamond_boxcup, layout_basic,
          minmay_temple_entry_statues_pillars, hangedman_decor_clover_reticule,
          uniq_eustachio
D:5:      layout_basic, demons_altar, uniq_ijyb, uniq_crazy_yiuf_cottage,
          uniq_duvessa
D:6:      nicolae_cairo_tiling, layout_cave_pools,
          mainiacjoe_ossuary_entry_dusty_tomb, lightli_sewer_entry_pipes,
          uniq_edmund, uniq_prince_ribbit1
D:7:      layout_loops_ring, lemuel_coloured_pillars_altar,
          kennysheep_generic_room_16, uniq_menkaure
Temple:   nicolae_temple_bog_church

Skill      XL: |  1  2  3  4  5  6  7  8  9 |
---------------+----------------------------+-----
Dodging        | 3 4 5 6 7 9 10 | 10.3
Ranged Weapons | 5 6 8 9 10 | 10.1
Fighting       | 2 3 4 |  4.0
Stealth        | |  1.5

Action                     |  1- 3 |  4- 6 |  7- 9 || total
---------------------------+-------+-------+-------++-------
   Fire: Shortbow          |    68 |   126 |   391 ||   585
    Use: Scroll            |     5 |     3 |     9 ||    17
         Potion            |       |     1 |     1 ||     2
 Armour: Robe              |     4 |     9 |    63 ||    76
  Dodge: Dodged            |    11 |    70 |   232 ||   313

Table legend:
 A = Non-vault XP
 B = Vault XP
 C = Vault XP percentage of total XP
 D = Non-vault monster count
 E = Vault monster count
 F = Vault count percentage of total count
                 A         B        C        D         E       F
            +---------+---------+-------+---------+---------+-------
      Total |    2490 |    1250 |  33.4 |     124 |      76 |  38.0
            +---------+---------+-------+---------+---------+-------
        D:1 |      33 |       0 |   0.0 |      18 |       0 |   0.0
        D:2 |      59 |      35 |  37.2 |      17 |       1 |   5.6
        D:3 |     147 |      30 |  16.9 |      27 |      11 |  28.9
        D:4 |     846 |     432 |  33.8 |      28 |       7 |  20.0
        D:5 |     226 |     190 |  45.7 |       7 |       4 |  36.4
        D:6 |     926 |     266 |  22.3 |      20 |      11 |  35.5
        D:7 |     253 |       0 |   0.0 |       7 |       0 |   0.0
      Sewer |       0 |     297 | 100.0 |       0 |      42 | 100.0
            +---------+---------+-------+---------+---------+-------
